 Dungeon Crawl Stone Soup version 0.24.0-7-gb3623d2c88 (webtiles) character file.

Game seed: 11299878148424511084, levelgen mode: deterministic

4097 Kairok the Cutter (level 10, -5/51 HPs)
             Began as a Vine Stalker Assassin on Nov 2, 2019.
             Was an Elder of Okawaru.
             Slain by a two-headed ogre
             ... wielding a +0 giant club
              (14 damage)
             ... on level 10 of the Dungeon.
             The game lasted 00:20:42 (9301 turns).

Kairok the Cutter (Vine Stalker Assassin)           Turns: 9301, Time: 00:20:44

Health: -5/51      AC: 16    Str: 14    XL:     10   Next: 26%
Magic:  0/12       EV:  3    Int: 11    God:    Okawaru [****..]
Gold:   383        SH: 10    Dex: 19    Spells: 9/9 levels left

rFire    + . .     SeeInvis +   y - +0 short sword (drain)
rCold    . . .     Gourm    .   H - +0 shield
rNeg     . . .     Faith    .   g - +0 plate armour {MR+}
rPois    .         Spirit   +   r - +0 helmet
rElec    .         Reflect  .   z - +1 cloak
rCorr    +         Harm     .   (no gloves)
MR       ++...                  (no boots)
Stlth    ..........             b - amulet of regeneration
HPRegen  0.97/turn              h - ring of resist corrosion
MPRegen  0.13/turn              (no ring)

@: no status effects
A: fangs 3, see invisible, fire resistance 1, regeneration 1, evolution 1, magic
shield, antimagic bite, no potion heal 3, rot immunity, MP-powered wands
a: Heroism, Renounce Religion


You were on level 10 of the Dungeon.
You worshipped Okawaru.
Okawaru was greatly pleased with you.
You were hungry.

You visited 1 branch of the dungeon, and saw 10 of its levels.

You collected 591 gold pieces.
You spent 208 gold pieces at shops.

Inventory:

Hand Weapons
 a - a +2 dagger
 i - a +1 dagger of speed
 y - a +0 short sword of draining (weapon)
Missiles
 d - 45 poisoned darts (quivered)
Armour
 g - a +0 plate armour of magic resistance (worn)
 r - a +0 helmet (worn)
 z - a +1 cloak (worn)
 H - a +0 shield (worn)
Jewellery
 b - an amulet of regeneration (around neck)
 h - a ring of resist corrosion (left hand)
 w - an uncursed ring of wizardry
 I - an uncursed amulet of magic regeneration
Wands
 c - a wand of digging (4)
 v - a wand of clouds (4)
 C - a wand of acid (10)
 D - a wand of disintegration (9)
Scrolls
 j - 2 scrolls of blinking
 k - 3 scrolls of fog
 n - 2 scrolls of remove curse
 p - 3 scrolls of fear
 x - 4 scrolls of teleportation
 B - 3 scrolls of identify
 E - a scroll of enchant armour {unknown}
Potions
 l - a potion of lignification
 m - a potion of resistance
 q - 3 potions of brilliance
 s - 3 potions of agility
 t - 2 potions of flight
 u - 2 potions of haste
 A - 2 potions of curing
 F - a potion of invisibility {unknown}
 G - a potion of heal wounds {unknown}
 J - a potion of magic {unknown}
Comestibles
 f - 8 rations


   Skills:
 + Level 4.8 Fighting
 + Level 7.9 Short Blades
 + Level 3.0 Throwing
 + Level 6.1 Armour
 + Level 2.0 Dodging
 + Level 6.8 Stealth
 + Level 4.6 Shields
 + Level 1.4 Invocations
 + Level 0.5 Evocations


You had 9 spell levels left.
You didn't know any spells.
Your spell library contained the following spells:

 Spells                   Type           Power        Failure   Level  Hunger
 Confusing Touch          Hex            #.....       100%        1    ##.....
 Flame Tongue             Conj/Fire      #....        100%        1    ##.....
 Magic Dart               Conj           #...         100%        1    ##.....
 Summon Small Mammal      Summ           #...         100%        1    ##.....
 Blink                    Tloc           N/A          100%        2    ###....
 Call Imp                 Summ           #.......     100%        2    ###....
 Slow                     Hex            #.......     100%        2    ###....
 Throw Flame              Conj/Fire      #.....       100%        2    ###....
 Call Canine Familiar     Summ           #.......     100%        3    ####...
 Confuse                  Hex            #.......     100%        3    ####...
 Conjure Flame            Conj/Fire      #.......     100%        3    ####...
 Gell's Gravitas          Tloc           #.........   100%        3    ####...
 Inner Flame              Hex/Fire       #.......     100%        3    ####...
 Mephitic Cloud           Conj/Pois/Air  #.......     100%        3    ####...
 Summon Guardian Golem    Hex/Summ       #.......     100%        3    ####...
 Petrify                  Tmut/Erth      #.......     100%        4    #####..
 Sticky Flame             Conj/Fire      #.......     100%        4    #####..
 Summon Ice Beast         Ice/Summ       #.......     100%        4    #####..
 Summon Lightning Spire   Summ/Air       #.......     100%        4    #####..
 Fireball                 Conj/Fire      #.........   100%        5    ######.
 Metabolic Englaciation   Hex/Ice        #.........   100%        5    ######.
 Yara's Violent Unravell  Hex/Tmut       #.........   100%        5    ######.


Dungeon Overview and Level Annotations

Branches:
Dungeon (10/15)            Temple (0/1) D:5
   Lair: D:8-11         Orc: D:9-12

Altars:
Gozag
Hepliaklqana
Kikubaaqudgha
Makhleb
Nemelex Xobeh
Okawaru
Zin

Shops:
D:5 !   D:9 }


Innate Abilities, Weirdness & Mutations

You have razor-sharp teeth.
Your natural rate of healing is unusually fast.
When hurt, damage is shared between your health and your magic reserves.
Your bite disrupts and absorbs the magic of your enemies.
Potions cannot restore your health.
You are immune to rotting.
You have supernaturally acute eyesight. (SInv)
Your flesh is heat resistant. (rF+)
You evolve.
You expend magic power (3 MP) to strengthen your wands.


Message History

The two-headed ogre hits you with a +0 giant club!
Throwing (i - inventory)
d - 46 poisoned darts (quivered)
Press: ? - help, Shift-Dir - straight line, f/p - phantom
Aim: a phantom (moderately damaged)
You throw a poisoned dart.
The poisoned dart hits the two-headed ogre.
The two-headed ogre is poisoned.
The two-headed ogre is heavily wounded.
You hit the two-headed ogre. You drain the two-headed ogre.
The two-headed ogre is severely wounded.
The two-headed ogre hits you with a +0 giant club.
The two-headed ogre hits you with a +0 giant club!
* * * LOW HITPOINT WARNING * * *
Your plate armour prevents you from hitting the two-headed ogre.
You bite the two-headed ogre, but do no damage.
The two-headed ogre is severely wounded.
The two-headed ogre hits you with a +0 giant club!
* * * LOW HITPOINT WARNING * * *
The two-headed ogre hits you with a +0 giant club!
You die...

## ###........##
###...?...# #
###..#.....# #.
####(...###.....
#?##...W...#
#... #.....##..#
.. #...#####.##
. #...$##....###
#....O@.......
#.##..W..##....
#.. ##....# ..##
#. ##..... .
##....# ##
#.##.# .## #. #
##


You could see a two-headed ogre and a phantom.

Vanquished Creatures
  A hornet (D:8)
  Grinder (D:5)
  A hippogriff (D:9)
  Sigmund (D:2)
  A wyvern (D:9)
  Menkaure (D:5)
  Duvessa (D:6)
  An orc warrior (D:8)
  2 ice beasts
  2 sky beasts
  2 phantoms
  3 ogres
  A centaur (D:10)
  A big kobold (D:8)
  Blork the orc (D:5)
  A bullfrog (D:6)
  A gnoll sergeant (D:10)
  Dowan (D:6)
  4 scorpions
  5 killer bees
  4 electric eels (D:7)
  A howler monkey (D:5)
  2 crimson imps
  2 jellies
  4 orc priests
  Crazy Yiuf (D:2)
  A bullfrog skeleton (D:4)
  Jessica (D:2)
  5 iguanas
  8 orc wizards
  3 worker ants
  A hound skeleton (D:8)
  A howler monkey skeleton (D:7)
  16 gnolls
  3 adders
  An ooze (D:1)
  2 adder zombies
  An adder skeleton (D:4)
  5 worms
  2 dart slugs
  3 leopard geckos
  27 orcs
  6 giant cockroaches
  11 goblins
  10 hobgoblins
  4 quokkas
  4 ball pythons
  A ball python skeleton (D:4)
  9 bats
  6 frilled lizards
  A jackal zombie (D:5)
  12 kobolds
  A quokka zombie (D:8)
  6 rats
197 creatures vanquished.

Notes
Turn   | Place    | Note
-------+----------+-------------------------------------------
     0 | D:1      | Kairok the Vine Stalker Assassin began the quest for the
                  | Orb.
     0 | D:1      | Reached XP level 1. HP: 11/11 MP: 2/2
    37 | D:1      | Reached skill level 5 in Stealth
   745 | D:1      | Reached XP level 2. HP: 15/15 MP: 3/3
   827 | D:1      | Reached skill level 2 in Short Blades
  1113 | D:1      | Reached XP level 3. HP: 16/18 MP: 2/4
  1133 | D:1      | Reached skill level 1 in Dodging
  1708 | D:2      | Noticed Jessica
  1741 | D:2      | Killed Jessica
  1741 | D:2      | Gained mutation: Your natural rate of healing is unusually
                  | fast. [Vine Stalker growth]
  1741 | D:2      | Reached XP level 4. HP: 22/23 MP: 5/5
  1766 | D:2      | Found a faded altar of an unknown god.
  1842 | D:2      | Noticed Sigmund
  2149 | D:2      | Found a runed translucent door.
  2150 | D:2      | Noticed Crazy Yiuf
  2266 | D:2      | Killed Sigmund
  2266 | D:2      | Reached skill level 3 in Short Blades
  2266 | D:2      | Reached skill level 1 in Armour
  2266 | D:2      | Reached XP level 5. HP: 19/27 MP: 3/6
  2266 | D:2      | Reached XP level 6. HP: 22/32 MP: 3/7
  3519 | D:2      | Killed Crazy Yiuf
  3735 | D:4      | Reached skill level 4 in Short Blades
  3903 | D:4      | Found an iron altar of Okawaru.
  3925 | D:4      | Became a worshipper of Warmaster Okawaru
  4168 | D:4      | Reached XP level 7. HP: 14/35 MP: 5/8
  4379 | D:5      | Entered Level 5 of the Dungeon
  4451 | D:5      | Reached skill level 1 in Shields
  4462 | D:5      | Noticed Grinder
  4475 | D:5      | Reached * piety under Okawaru
  4514 | D:5      | Killed Grinder
  4514 | D:5      | Gained mutation: You have razor-sharp teeth. [Vine Stalker
                  | growth]
  4514 | D:5      | Reached XP level 8. HP: 12/40 MP: 9/9
  4529 | D:5      | Noticed Menkaure
  4818 | D:5      | Killed Menkaure
  4818 | D:5      | Reached skill level 5 in Short Blades
  4918 | D:5      | Found a staircase to the Ecumenical Temple.
  4926 | D:5      | Found a hazy altar of Hepliaklqana.
  4926 | D:5      | Found an ancient bone altar of Kikubaaqudgha.
  4927 | D:5      | Found an opulent altar of Gozag.
  4957 | D:5      | Found Femyid's Distillery.
  5208 | D:5      | Noticed Blork the orc
  5245 | D:5      | Killed Blork the orc
  5349 | D:5      | Reached skill level 1 in Invocations
  5533 | D:5      | Bought 2 potions of mutation for 208 gold pieces
  5533 | D:5      | Gained mutation: Armour fits poorly on your strangely
                  | shaped body. [potion of mutation]
  5533 | D:5      | Gained mutation: You are partially covered in yellow
                  | scales. (AC +2) [potion of mutation]
  5534 | D:5      | Lost mutation: Armour fits poorly on your strangely shaped
                  | body. [potion of mutation]
  5534 | D:5      | Lost mutation: You are partially covered in yellow scales.
                  | (AC +2) [potion of mutation]
  5534 | D:5      | Gained mutation: You expend magic power (3 MP) to
                  | strengthen your wands. [potion of mutation]
  5534 | D:5      | Gained mutation: You evolve. [potion of mutation]
  5567 | D:6      | Found a sparkling altar of Nemelex Xobeh.
  5692 | D:6      | Reached ** piety under Okawaru
  5765 | D:6      | Noticed Dowan
  5772 | D:6      | Noticed Duvessa
  5951 | D:6      | Found a burning altar of Makhleb.
  6141 | D:6      | Reached skill level 6 in Short Blades
  6141 | D:6      | Reached XP level 9. HP: 44/44 MP: 10/10
  6354 | D:6      | Killed Duvessa
  6358 | D:6      | Killed Dowan
  6753 | D:7      | Gained mutation: You have supernaturally acute eyesight.
                  | (SInv) [evolution]
  6982 | D:7      | Reached *** piety under Okawaru
  7004 | D:7      | Reached skill level 7 in Short Blades
  7384 | D:7      | Found a glowing silver altar of Zin.
  7566 | D:8      | Noticed a hornet
  7683 | D:8      | Paralysed by a hornet for 2 turns
  7693 | D:8      | Paralysed by a hornet for 3 turns
  7704 | D:8      | Killed a hornet
  7704 | D:8      | Reached skill level 5 in Armour
  8147 | D:8      | Got a polished falchion
  8148 | D:8      | Identified the +6 falchion of Fate {freeze, Str+7} (You
                  | found it on level 8 of the Dungeon)
  8245 | D:9      | Gained mutation: Your flesh is heat resistant. (rF+)
                  | [evolution]
  8465 | D:9      | Found Igucvoj's Gadget Shop.
  8510 | D:9      | Reached XP level 10. HP: 51/51 MP: 10/12
  8696 | D:9      | Reached **** piety under Okawaru
  9100 | D:10     | Entered Level 10 of the Dungeon
  9271 | D:10     | Noticed a two-headed ogre
  9301 | D:10     | Slain by a two-headed ogre

Levels and vault maps discovered:
D:1:      kennysheep_arrival_seaside, layout_loops_ring
D:2:      layout_loops_ring, chequers_ecumenical_altar_simple,
          minmay_pentomino_r4, uniq_jessica, uniq_crazy_yiuf_cottage,
          uniq_sigmund
D:3:      layout_basic
D:4:      layout_basic, okawaru_metal_pillars_1_2
D:5:      layout_basic, gammafunk_temple_overflow_claw,
          minmay_temple_entry_overgrown, first_ration, serial_shops,
          nicolae_shop_temple_entry_statues_fountains, minmay_holes,
          minmay_small_thing, uniq_grinder, uniq_blork_the_orc, uniq_menkaure
D:6:      layout_basic, lightli_temple_of_fire, nemelex_altar_shiori,
          uniq_duvessa
D:7:      layout_cave_pools, lemuel_doored_altar, chequers_big_river
D:8:      layout_rooms
D:9:      layout_gridville, serial_shops, shop
D:10:     layout_layer_cave, lair_entry_dummy, serial_shops,
          nicolae_shop_crystal

Skill      XL: |  1  2  3  4  5  6  7  8  9 10 |
---------------+-------------------------------+-----
Stealth        | 5 6 |  6.8
Fighting       | 2 3 4 |  4.8
Short Blades   | 2 3 4 6 7 |  7.9
Dodging        | 1 2 |  2.0
Armour         | 1 2 3 4 5 6 |  6.1
Shields        | 2 3 4 |  4.6
Throwing       | 2 3 |  3.0
Invocations    | 1 |  1.4
Evocations     | |  0.5

Action                   |  1- 3 |  4- 6 |  7- 9 | 10-12 || total
-------------------------+-------+-------+-------+-------++-------
Melee: Dagger            |    94 |   265 |   601 |       ||   960
       Bite              |    19 |    92 |   296 |    56 ||   463
       Short sword       |       |       |   124 |   170 ||   294
Throw: Dart              |       |     2 |    16 |     4 ||    22
Invok: Heroism           |       |       |     5 |       ||     5
Evoke: Wand              |       |       |     5 |       ||     5
  Use: Scroll            |     2 |     3 |    12 |       ||    17
       Potion            |       |     1 |     2 |       ||     3
 Stab: Sleeping          |     6 |       |       |       ||     6
       Distracted        |       |       |       |     1 ||     1
  Eat: Chunk             |     2 |     6 |     9 |     3 ||    20
       Ration            |       |     1 |     1 |       ||     2
Armor: Robe              |    28 |       |       |       ||    28
       Plate armour      |    19 |   123 |   278 |   108 ||   528
Dodge: Dodged            |    63 |    34 |    73 |    37 ||   207
Block: Buckler           |       |    11 |   105 |    39 ||   155
       Shield            |       |       |       |    15 ||    15
